 Dungeon Crawl Stone Soup version 0.28-a0-1429-gf3d713df7a (webtiles) character file.

Game seed: 944549990999993722

77 HallandMoats the Shield-Bearer (level 4, -1/35 HPs)
             Began as a Demonspawn Fighter on Jan 9, 2022.
             Was a Plaything of Xom.
             Slain by an ufetubus (4 damage)
             ... summoned by Xom
             ... on level 2 of the Dungeon.
             The game lasted 00:01:57 (1922 turns).

HallandMoats the Shield-Bearer (Demonspawn Fighter) Turns: 1922, Time: 00:01:58

Health: -1/35      AC:  8    Str: 18    XL:     4   Next: 13%
Magic:  5/5        EV:  9    Int: 10    God:    Xom [.*....]
Gold:   70         SH:  4    Dex: 12    Spells: 3/3 levels left

rFire   . . .      SeeInvis .   f - +3 dagger (venom)
rCold   . . .      Faith    .   c - +0 buckler
rNeg    . . .      Spirit   .   b - +0 scale mail
rPois   .          Reflect  .   (helmet restricted)
rElec   .          Harm     .   (no cloak)
rCorr   .          Rampage  .   (no gloves)
Will    .....                   (no boots)
Stlth   ..........              (no amulet)
HPRegen 0.11/turn               (no ring)
MPRegen 0.09/turn               (no ring)

@: mighty, invisible
A: antennae 1, icy blue scales 1
a: Renounce Religion


You were on level 2 of the Dungeon.
You worshipped Xom.
You were a plaything of Xom.
You visited 1 branch of the dungeon, and saw 2 of its levels.

You collected 70 gold pieces.

Inventory:

Hand Weapons
 a - a +0 war axe
 f - a +3 dagger of venom (weapon)
Armour
 b - a +0 scale mail (worn)
 c - a +0 buckler (worn)
Jewellery
 k - a +4 ring of evasion
Scrolls
 i - a scroll of brand weapon {unknown}
 j - a scroll of identify {unknown}
 m - a scroll of teleportation {unknown}
 o - a scroll of fear {unknown}
Potions
 e - a potion of haste {unknown}
 g - 2 potions of mutation {unknown}
 h - a potion of curing {unknown}
 n - a potion of magic {unknown}


   Skills:
 + Level 3.2 Fighting
 + Level 2.2 Axes
 + Level 3.1 Armour
 + Level 1.0 Dodging
 * Level 3.3 Shields
 + Level 1.4 Invocations


You had 3 spell levels left.
You didn't know any spells.
Your spell library was empty.

Dungeon Overview and Level Annotations

Branches:
Dungeon (2/15)

Altars:
Uskayaw
Xom


Innate Abilities, Weirdness & Mutations

You have a pair of small antennae on your head.
You are partially covered in icy blue scales. (AC +2)


Message History

There are monsters nearby!
Unknown command.
You feel very mighty all of a sudden.
The shadow imp hits you but does no damage.
You hit the shadow imp.
The shadow imp is moderately wounded.
The ufetubus closely misses you. The ufetubus completely misses you.
The ufetubus hits you but does no damage. x2
The shadow imp closely misses you.
You closely miss the shadow imp.
The shadow imp is moderately wounded.
You block the ufetubus's attack. The ufetubus hits you.
* * * LOW HITPOINT WARNING * * *
The shadow imp misses you.
You hit the shadow imp.
The shadow imp is severely wounded.
The ufetubus barely misses you.
The ufetubus hits you but does no damage.
The ufetubus closely misses you. x2; The shadow imp hits you.
* * * LOW HITPOINT WARNING * * *
You puncture the shadow imp!
You kill the shadow imp!
The shadow imp disappears in a puff of smoke!
The ufetubus barely misses you. x2
You closely miss the white imp.
The ufetubus hits you but does no damage.
The ufetubus hits you.
* * * LOW HITPOINT WARNING * * *
The ufetubus completely misses you.
The ufetubus hits you but does no damage.
The white imp hits you but does no damage.
It was a potion of invisibility.
You fade into invisibility!
The ufetubus barely misses you. x2
The white imp hits you but does no damage.
The ufetubus barely misses you. You block the ufetubus's attack.
Okay, then.
You completely miss the white imp. The ufetubus closely misses you.
The ufetubus hits you.
You die...

#. #.#. #. ##...
#.###... ###
###.).... #..
........# #.#
#.._..## ##+ #.#
#......###.. #5#
###...)..##... #@#
#.....##......
#5###.....###.....
#...........+.....
####.#...####.....
#.##.## ##....
#.#### ##... #.#
##.. #.# ##' #.#
##.


You could see a white imp (summoned) and an ufetubus (summoned).

Vanquished Creatures
  Jessica (D:2)
  An adder (D:2)
  A dart slug (D:1)
  7 ball pythons (D:1)
  3 endoplasms
  A giant cockroach (D:1)
  3 goblins
  4 hobgoblins
  7 kobolds
  A quokka (D:2)
  2 bats (D:2)
  3 frilled lizards (D:1)
  A rat (D:2)
35 creatures vanquished.

Vanquished Creatures (others)
  5 fungi (D:2)
  3 plants (D:2)
8 creatures vanquished.

Grand Total: 43 creatures vanquished

Notes
Turn   | Place    | Note
-------+----------+-------------------------------------------
     0 | D:1      | HallandMoats the Demonspawn Fighter began the quest for the
                  | Orb.
     0 | D:1      | Reached XP level 1. HP: 18/18 MP: 1/1
   154 | D:1      | You fall into a shaft and drop 1 floor!
   178 | D:2      | Gained mutation: You are partially covered in icy blue
                  | scales. (AC +2) [demonic ancestry]
   178 | D:2      | Reached XP level 2. HP: 21/24 MP: 2/2
   307 | D:2      | Found a faded altar of an unknown god.
   330 | D:2      | Prayed at the altar of an unknown god.
   330 | D:2      | Became a worshipper of Xom of Chaos
   579 | D:1      | Reached skill level 1 in Invocations
   693 | D:1      | XOM: silly message
  1005 | D:1      | Gained mutation: You have a pair of small antennae on your
                  | head. [demonic ancestry]
  1005 | D:1      | Reached XP level 3. HP: 20/29 MP: 3/3
  1640 | D:2      | Noticed Jessica
  1640 | D:2      | XOM: butterfly on damage
  1660 | D:2      | Killed Jessica
  1661 | D:2      | Reached XP level 4. HP: 17/35 MP: 3/5
  1871 | D:2      | Found a hide-covered altar of Uskayaw.
  1901 | D:2      | Reached skill level 1 in Dodging
  1914 | D:2      | XOM: summons 3 hostile demons
  1922 | D:2      | Slain by an ufetubus

Illustrated notes

Levels and vault maps discovered:
D:1:      minmay_arrival_cross, layout_rooms, minmay_quantized
D:2:      layout_loops_corners, dreamdust_ecumenical_altar_grove, basic_altar,
          chequers_decorated_corner, roderic_roman_lattice, minmay_fountain_box,
          uniq_jessica

Skill      XL: |  1  2  3  4 |
---------------+-------------+-----
Shields        | 3 |  3.3
Axes           | 2 |  2.2
Invocations    | 1 |  1.4
Armour         | 3 |  3.1
Dodging        | 1 |  1.0
Fighting       | |  3.2

Action                   |  1- 3 |  4- 6 || total
-------------------------+-------+-------++-------
Melee: War axe           |    28 |       ||    28
       Dagger            |    49 |    15 ||    64
  Use: Potion            |       |     2 ||     2
Armor: Scale mail        |    30 |    11 ||    41
Dodge: Dodged            |    37 |    14 ||    51
Block: Buckler           |    16 |     3 ||    19

Table legend: (Time is in decaauts)
 A = Elapsed time spent in this place.
 B = Non-inter-level travel time spent in this place.
 C = Inter-level travel time spent in this place.
 D = Time resting spent in this place.
 E = Time spent auto-exploring this place.
 F = Levels seen in this place.
 G = Mean time per level.
                   A        B        C        D        E       F      G
               +--------+--------+--------+--------+--------+-----+--------+
         Total |   1936 |   1909 |     27 |    246 |   1385 |   2 |  968.0 |
       Dungeon |   1936 |   1909 |     27 |    246 |   1385 |   2 |  968.0 |
               +--------+--------+--------+--------+--------+-----+--------+

Top non-repeatable levels by time:
     D:2: 980 daAuts
     D:1: 956 daAuts
